 Dungeon Crawl Stone Soup version 0.28-a0-726-g4a9143789a (webtiles) character file.

Game seed: 3303447535127800481

180 rogsnak the Magician (level 5, -1/37 HPs)
             Began as a Barachi Earth Elementalist on Oct 28, 2021.
             Slain by a lemure (8 damage)
             ... led by Pikel
             ... on level 3 of the Dungeon.
             The game lasted 00:06:19 (4566 turns).

rogsnak the Magician (Barachi Earth Elementalist)   Turns: 4566, Time: 00:06:19

Health: -1/37      AC:  3    Str:  9    XL:     5   Next: 60%
Magic:  3/10       EV: 13    Int: 16    God:
Gold:   180        SH:  0    Dex: 13    Spells: 7/11 levels left

rFire   . . .      SeeInvis .   j - +3 dagger
rCold   . . .      Faith    .   (no shield)
rNeg    . . .      Spirit   .   b - +0 robe
rPois   .          Reflect  .   (no helmet)
rElec   .          Harm     .   (no cloak)
rCorr   .          Rampage  .   t - +0 pair of gloves
Will    .....                   (no boots)
Stlth   ++........              (no amulet)
HPRegen 0.12/turn               (no ring)
MPRegen 0.12/turn               (no ring)

@: slow
A: amphibious, slowness 1, strong legs 1, +LOS
a: Hop


You were on level 3 of the Dungeon.
You visited 1 branch of the dungeon, and saw 4 of its levels.
You also visited: Sewer.

You collected 180 gold pieces.

Inventory:

Hand Weapons
 g - a +0 dagger
 j - a +3 dagger (weapon)
 r - a +0 quarterstaff
Missiles
 a - 44 bolts
 c - 106 stones
 e - 37 sling bullets
 u - 6 boomerangs
Armour
 b - a +0 robe (worn)
 t - a +0 pair of gloves (worn)
Wands
 q - a wand of paralysis (4)
Scrolls
 d - 5 scrolls of identify {unknown}
 h - a scroll of fog {unknown}
 l - a scroll of fear {unknown}
 m - a scroll of blinking {unknown}
 n - 2 scrolls of teleportation {unknown}
 p - a scroll of silence {unknown}
Potions
 f - 3 potions of degeneration {unknown}
 i - a potion of ambrosia {unknown}
 k - 3 potions of flight {unknown}
 o - a potion of invisibility {unknown}
 s - a potion of heal wounds {unknown}
 v - a potion of experience {unknown}


   Skills:
 + Level 1.6 Fighting
 + Level 3.6 Dodging
 - Level 2.0 Stealth
 + Level 3.9 Spellcasting
 * Level 0.1 Conjurations
 + Level 1.1 Transmutations
 + Level 3.7 Earth Magic


You had 7 spell levels left.
You knew the following spells:

 Your Spells              Type           Power      Damage    Failure   Level
a - Sandblast             Erth           30%        2d9       3%          1
b - Stone Arrow           Conj/Erth      18%        3d8       22%         3

Your spell library contained the following spells:

 Spells                   Type           Power      Damage    Failure   Level
 Passwall                 Tmut/Erth      8%         N/A       10%         2
 Petrify                  Tmut/Erth      10%        N/A       52%         4
 Summon Forest            Summ/Tloc      1%         N/A       99%         5
 Summon Mana Viper        Hex/Summ       3%         N/A       99%         5
 Summon Cactus Giant      Summ           1%         N/A       100%        6


Dungeon Overview and Level Annotations

Branches:
Dungeon (4/15)              Sewer (visited)
 Temple: D:4-7

Altars:


Innate Abilities, Weirdness & Mutations

You are amphibious.
You cover ground slowly.
You can hop short distances.
You have an extended range of vision and can be seen from far away.


Message History

The spell is quite dangerous to cast (22% risk of failure)!
Continue anyway?
Okay, then.
Unknown command.
Casting: Stone Arrow (quite dangerous; 22% risk of failure)
Confirm with . or Enter, or press ? or * to list all spells.
The spell is quite dangerous to cast (22% risk of failure)!
Continue anyway?
Aiming: Stone Arrow (quite dangerous; 22% risk of failure)
Press: ? - help, Shift-Dir - straight line, f - lemure
Aim: a lemure (55% to hit)
The stone arrow misses the lemure.
The lemure hits you!
Unknown command.
Casting: Stone Arrow (quite dangerous; 22% risk of failure)
Confirm with . or Enter, or press ? or * to list all spells.
The spell is quite dangerous to cast (22% risk of failure)!
Continue anyway?
Aiming: Stone Arrow (quite dangerous; 22% risk of failure)
Press: ? - help, Shift-Dir - straight line, f/p - lemure
Aim: a lemure (55% to hit)
You miscast Stone Arrow.
You are very lightly contaminated with residual magic.
Nothing appears to happen.
The lemure hits you.
Unknown command.
Casting: Stone Arrow (quite dangerous; 22% risk of failure)
Confirm with . or Enter, or press ? or * to list all spells.
The spell is quite dangerous to cast (22% risk of failure)!
Continue anyway?
Aiming: Stone Arrow (quite dangerous; 22% risk of failure)
Press: ? - help, Shift-Dir - straight line, f/p - lemure
Aim: a lemure (55% to hit)
The stone arrow hits the lemure!
The lemure is heavily wounded.
The lemure hits you!
Unknown command.
The lemure hits you!
* * * LOW HITPOINT WARNING * * *
You climb upwards.
There is a stone staircase leading down here.
Unknown command.
Your magical contamination has completely faded away.
The lemure closely misses you. The lemure hits you!
You die...

...####.....######
............>....#
...##.......####.#
...##.......# #.#
...##...########.#
...####..........# ...#
#..........# ...#
#.........5######### ...#
#.........@#.......#
#######........[....####.#
.................#..# #.#
.........###...#.#..# #.#
.........###+###.#..####.#
..............##.#.......#
≈#............##....######
≈≈............####...#
≈≈≈#.............#...#


You could see a lemure.

Vanquished Creatures
  A water moccasin (Sewer)
  2 adders
  2 worms (D:3)
  4 dart slugs
  6 bats
  3 endoplasms
  3 giant cockroaches
  4 goblins
  2 hobgoblins
  2 jackals (Sewer)
  4 quokkas
  5 ball pythons
  2 frilled lizards (D:1)
  4 kobolds
  3 rats (D:1)
47 creatures vanquished.

Notes
Turn   | Place    | Note
-------+----------+-------------------------------------------
     0 | D:1      | rogsnak the Barachi Earth Elementalist began the quest for
                  | the Orb.
     0 | D:1      | Reached XP level 1. HP: 13/13 MP: 3/3
  1074 | D:1      | Reached XP level 2. HP: 9/19 MP: 3/5
  1860 | D:1      | Reached XP level 3. HP: 11/25 MP: 3/6
  1864 | D:1      | Learned a level 3 spell: Stone Arrow
  3005 | D:2      | Found a faded altar of an unknown god.
  3305 | D:3      | Found a glowing drain.
  3329 | D:3      | Reached skill level 1 in Fighting
  3343 | D:3      | Reached XP level 4. HP: 21/32 MP: 1/8
  3402 | Sewer    | Entered a sewer
  3605 | Sewer    | Noticed a water moccasin
  3611 | Sewer    | Killed a water moccasin
  3612 | Sewer    | Reached XP level 5. HP: 37/37 MP: 5/10
  4322 | D:4      | Noticed a lemure
  4566 | D:3      | Slain by a lemure

Illustrated notes

Levels and vault maps discovered:
D:1:      nicolae_arrival_memento_mori, layout_loops_ring
D:2:      layout_rooms, hellmonk_ecumenical_altar_inner_sanctum
D:3:      layout_basic, cheibrodos_sewer_entry_drain
D:4:      layout_basic, minmay_misc_feat_room, uniq_pikel

Skill      XL: |  1  2  3  4 |
---------------+-------------+-----
Dodging        | 3 |  3.6
Fighting       | 1 |  1.6
Stealth        | 2 |  2.0
Spellcasting   | 3 |  3.9
Conjurations   | |  0.1
Transmutations | |  1.1
Earth Magic    | |  3.7

Action                   |  1- 3 |  4- 6 || total
-------------------------+-------+-------++-------
Melee: Unarmed           |    74 |       ||    74
       Dagger            |   122 |    39 ||   161
 Cast: Sandblast         |    19 |    11 ||    30
       Stone Arrow       |       |     3 ||     3
 Abil: Hop               |       |     1 ||     1
 Stab: Sleeping          |     3 |     1 ||     4
Armor: Robe              |    75 |     7 ||    82
Dodge: Dodged            |   166 |    38 ||   204

Table legend: (Time is in decaauts)
 A = Elapsed time spent in this place.
 B = Non-inter-level travel time spent in this place.
 C = Inter-level travel time spent in this place.
 D = Time resting spent in this place.
 E = Time spent auto-exploring this place.
 F = Levels seen in this place.
 G = Mean time per level.
                   A        B        C        D        E       F      G
               +--------+--------+--------+--------+--------+-----+--------+
         Total |   4951 |   4860 |     91 |   1209 |   2653 |   5 |  990.2 |
       Dungeon |   4616 |   4525 |     91 |   1209 |   2382 |   4 | 1154.0 |
         Sewer |    335 |    335 |      0 |      0 |    271 |   1 |  335.0 |
               +--------+--------+--------+--------+--------+-----+--------+

Top non-repeatable levels by time:
     D:1: 2331 daAuts
     D:3: 1017 daAuts
     D:2: 1015 daAuts
   Sewer: 335 daAuts
     D:4: 252 daAuts
